Cogmind - Beta 13 @@@ ROGUE MODE // 2024.04.28 @ 19:20:29 Player: tartine Result: Self-destructed Performance ------------- Evolutions (2) 1000 Regions Visited (7) 1400 Robots Destroyed (72) 360 Value Destroyed (1199) 1199 Prototype IDs (0) 0 Alien Tech Used (0) 0 Bonus (11) 11 TOTAL SCORE: 3970 Bonus ------- High Alert Combat Kills 11 Cogmind --------- Core Integrity 454/550 Matter 275/300 Energy 30/100 System Corruption 0% Temperature Cool (9) Movement Treading (160) Location -8/Materials Parts ------- > --- POWER (1) -------- (None) > --- PROPULSION (2) --- Improved Treads > --- UTILITY (6) ------ Cooling System Signal Interpreter Hacking Suite Hacking Suite Hacking Suite > --- WEAPON (2) ------- Beam Cannon > --- INVENTORY (5) ---- Hardened Light Armor Plating Makeshift System Restoration Module Peak State ------------ > --- POWER ------------ Improved Ion Engine > --- PROPULSION ------- Improved Treads Improved Treads > --- UTILITY ---------- Signal Interpreter Hacking Suite Hacking Suite Hacking Suite Makeshift System Restoration Module > --- WEAPON ----------- Beam Cannon Beam Cannon > --- INVENTORY -------- Improved Treads Cooling System Improved Targeting Computer Hardened Light Armor Plating [Rating: 22] Favorites ----------- Power Improved Ion Engine Engine Improved Ion Engine Power Core Light Nuclear Core Propulsion Improved Treads Treads Improved Treads Utility Hacking Suite Device Improved Heat Sink Storage Small Storage Unit Processor Signal Interpreter Hackware Hacking Suite Protection Hardened Light Armor Plating Weapon Beam Cannon Energy Gun Spread Laser Energy Cannon Beam Cannon Ballistic Gun Assault Rifle Build | -11 -10 -10 -9 -9 -9 -8 -8 ------- Run | Yrd Mat Min Mat Min Exi Min Mat Slots Evolved 4 | . . . 2 . . . 2 Power . | . . . . . . . . Propulsion . | . . . . . . . . Utility 4 | . . . 2 . . . 2 Weapon . | . . . . . . . . Parts Attached 41 | 8 13 . 11 3 1 . 5 Power 8 | 1 3 . 3 1 . . . Engine 7 | 1 2 . 3 1 . . . Core 1 | . 1 . . . . . . Reactor . | . . . . . . . . Propulsion 10 | 2 3 . 2 2 . . 1 Treads 10 | 2 3 . 2 2 . . 1 Leg . | . . . . . . . . Wheel . | . . . . . . . . Hover . | . . . . . . . . Flight . | . . . . . . . . Utility 13 | 2 2 . 4 . 1 . 4 Device 4 | 1 . . 1 . . . 2 Storage 1 | 1 . . . . . . . Processor 3 | . 1 . . . 1 . 1 Hackware 3 | . 1 . 2 . . . . Protection 2 | . . . 1 . . . 1 Artifact . | . . . . . . . . Weapon 10 | 3 5 . 2 . . . . Energy Gun 7 | 2 5 . . . . . . Energy Cannon 2 | . . . 2 . . . . Ballistic Gun 1 | 1 . . . . . . . Ballistic Cannon . | . . . . . . . . Launcher . | . . . . . . . . Special Weapon . | . . . . . . . . Impact Weapon . | . . . . . . . . Slashing Weapon . | . . . . . . . . Piercing Weapon . | . . . . . . . . Special Melee Weapon . | . . . . . . . . Unidentified Prototypes . | . . . . . . . . Parts Lost 11 | . 2 . 4 . . . 5 Power 2 | . 1 . . . . . 1 Propulsion 4 | . 1 . 1 . . . 2 Utility 2 | . . . 1 . . . 1 Weapon 3 | . . . 2 . . . 1 Highest Loss Streak 5 | . 2 . 2 . . . 5 To Critical Strikes . | . . . . . . . . Average Slot Usage (%) 96 | . 91 100 96 99 100 100 97 Engine 8 | . 2 14 11 10 11 11 7 Core 1 | . 5 . . . . . . Treads 23 | . 27 28 21 21 22 22 17 Device 2 | . 2 . 6 . . . 1 Processor 11 | . 11 14 11 11 11 11 17 Hackware 24 | . 12 14 25 33 33 33 27 Energy Gun 11 | . 26 28 11 . . . . Energy Cannon 11 | . . . 8 22 22 22 17 Naked Turns . | . . . . . . . . Heaviest Build 18 | 13 12 9 14 13 13 13 18 Greatest Support 46 | 40 46 46 46 46 46 46 46 Greatest Overweight (x) . | . . . . . . . . Average Overweight (x) . | . . . . . . . . Largest Inventory Capacity 8 | 8 5 5 5 5 5 5 5 Average Capacity 5 | 6 5 5 5 5 5 5 5 Most Carried 5 | 2 5 5 5 5 5 5 5 Average Carried 4 | 1 4 5 4 4 4 5 2 Final Capacity 5 | 5 5 5 5 5 5 5 5 Final Carried 5 | 2 5 5 5 5 5 5 2 Class Distribution -------------------- 58% | Hacker-Mutant 35% | Mutant 6% | Scavenger-Mutant Dominant Class ---------------- Mutant | -10/Materials Mutant | -10/Mines Hacker-Mutant | -9/Materials Hacker-Mutant | -9/Mines Hacker-Mutant | -9/Exiles Hacker-Mutant | -8/Mines Hacker-Mutant | -8/Materials Resources | -11 -10 -10 -9 -9 -9 -8 -8 ----------- Run | Yrd Mat Min Mat Min Exi Min Mat Matter Collected 616 | 292 179 . 105 30 . 10 . Remotely 92 | 13 79 . . . . . . Salvage Created 1904 | 91 725 . 584 110 . 283 111 Parts 147 | 5 47 . 53 9 . 28 5 Haulers Intercepted 2 | . 2 . . . . . . Recyclers Shooed 3 | . 1 . 1 . . 1 . Parts Field Recycled . | . . . . . . . . Retrieved Matter . | . . . . . . . . Parts Self-Destructed . | . . . . . . . . Prevented . | . . . . . . . . Kills | -11 -10 -10 -9 -9 -9 -8 -8 ------- Run | Yrd Mat Min Mat Min Exi Min Mat Combat Hostiles Destroyed 41 | . 10 . 20 2 . 7 2 Guns 27 | . 10 . 17 . . . . Cannons 14 | . . . 3 2 . 7 2 Classes Destroyed 11 | 1 7 . 2 1 . . . Worker 6 | . 1 . 3 . . 2 . Builder 1 | . . . 1 . . . . Tunneler 6 | . 2 . . 1 . 3 . Hauler 2 | . 2 . . . . . . Recycler 8 | 1 4 . 2 . . 1 . Operator 4 | . 3 . 1 . . . . Watcher 4 | . 3 . 1 . . . . Swarmer 24 | . 3 . 14 . . 7 . Grunt 13 | . 7 . 3 1 . . 2 Duelist 1 | . . . . 1 . . . Sentry 3 | . . . 3 . . . . Best Kill Streak 12 | 1 5 . 12 2 . 5 2 Combat Bots Only 6 | . 3 . 6 2 . 4 2 Max Kills in Single Turn 2 | 1 1 . 2 1 . 2 1 Gunslinging . | . . . . . . . . Exploded . | . . . . . . . . Melee . | . . . . . . . . Uniques/NPCs Destroyed . | . . . . . . . . Combat | -11 -10 -10 -9 -9 -9 -8 -8 -------- Run | Yrd Mat Min Mat Min Exi Min Mat Hostile Shots Fired 215 | . 48 4 78 13 . 28 44 Missed 36 | . 8 1 10 3 . 5 9 Damage Taken 2200 | . 575 38 690 173 . 180 544 Core 405 | . 88 . 148 35 . 38 96 Absorbed by Shields . | . . . . . . . . Regen/Repaired (Parts) 173 | . 74 . 99 . . . . Core Remaining (%) 69 | 100 . 64 . . . 44 . Volleys Fired 160 | 4 55 . 64 7 . 18 12 Largest 2 | 2 2 . 2 2 . 2 2 Hottest 130 | 60 130 . 130 120 . 120 120 Shots Fired 295 | 8 110 . 103 14 . 36 24 Gun 172 | 8 110 . 54 . . . . Cannon 123 | . . . 49 14 . 36 24 Launcher . | . . . . . . . . Special . | . . . . . . . . Kinetic 17 | 4 13 . . . . . . Thermal 278 | 4 97 . 103 14 . 36 24 Explosive . | . . . . . . . . Electromagnetic . | . . . . . . . . Robot Hit Streak 14 | 1 8 . 10 14 . 6 11 Robot Miss Streak 14 | 1 6 . 14 3 . 4 2 Penetration Max . | . . . . . . . . Secondary Targets 3 | . 3 . . . . . . Max Gunslinging Chain 1 | . 1 . . . . . . Shots Hit Robots 194 | 4 74 . 72 9 . 17 18 Core Hits 174 | 2 79 . 70 4 . 12 7 Critical Kills . | . . . . . . . . Critical Parts Destroyed . | . . . . . . . . Critical Strikes . | . . . . . . . . Melee Attacks . | . . . . . . . . Impact . | . . . . . . . . Slashing . | . . . . . . . . Piercing . | . . . . . . . . Sneak Attacks . | . . . . . . . . Combat Hostiles . | . . . . . . . . Follow-up Attacks . | . . . . . . . . Damage Inflicted 2875 | 50 948 . 1025 158 . 362 332 Guns 1499 | 50 948 . 501 . . . . Cannons 1367 | . . . 524 158 . 353 332 Explosions . | . . . . . . . . Melee . | . . . . . . . . Ramming 9 | . . . . . . 9 . Kinetic 184 | 50 134 . . . . . . Thermal 2682 | . 814 . 1025 158 . 353 332 Explosive . | . . . . . . . . Electromagnetic . | . . . . . . . . Impact . | . . . . . . . . Slashing . | . . . . . . . . Piercing . | . . . . . . . . Highest Corruption 2 | . 2 2 . . . . . Average Corruption 1 | . 1 2 . . . . . Corruption Purged . | . . . . . . . . Corruption Blocked . | . . . . . . . . Effects 9 | . 6 3 . . . . . Message Errors 2 | . . 2 . . . . . Matter Fused 3 | . 2 1 . . . . . Heat Flow Errors 1 | . 1 . . . . . . Data Loss (major) 3 | . 3 . . . . . . Overload Shots . | . . . . . . . . Overflow Damage 32 | . 21 . 11 . . . . Projectiles 11 | . . . 11 . . . . Explosions 21 | . 21 . . . . . . Melee . | . . . . . . . . Knockbacks . | . . . . . . . . Impact . | . . . . . . . . Kinetic . | . . . . . . . . Secondary . | . . . . . . . . Self-Inflicted Damage 73 | . 73 . . . . . . Shots 1 | . 1 . . . . . . Rammed 3 | . . . 1 . . 2 . Targets Rammed 4 | . . . 1 . . 3 . Kicked . | . . . . . . . . Crushed 1 | . . . . . . 1 . Highest Temperature 473 | . 473 . 270 246 . 324 381 Average Temperature 102 | . 101 . 66 96 . 133 236 Received Heat Transfer 813 | . 285 . 216 42 . . 270 Effects 11 | . 8 . . 1 . . 2 Shutdowns 2 | . 1 . . . . . 1 Energy Bleed 1 | . . . . 1 . . . Interference 3 | . 3 . . . . . . Short Circuit 1 | . . . . . . . 1 Damage (major) 4 | . 4 . . . . . . Siege Activations . | . . . . . . . . Robots Corrupted . | . . . . . . . . Combat Hostiles . | . . . . . . . . Parts Fried . | . . . . . . . . Impact Corruptions . | . . . . . . . . Robots Melted . | . . . . . . . . Combat Hostiles . | . . . . . . . . Parts Melted 2 | . . . . . . . 2 Heat Transferred 4750 | . 1244 . 1730 333 . 740 703 Parts Sabotaged . | . . . . . . . . Parts Stolen . | . . . . . . . . Parts Stripped . | . . . . . . . . Power Chain Reactions . | . . . . . . . . Alert | -11 -10 -10 -9 -9 -9 -8 -8 ------- Run | Yrd Mat Min Mat Min Exi Min Mat Peak Influence 425 | 5 255 . 425 165 . 112 39 Initial 115 | . 3 . . 115 . . 39 Average 110 | 1 100 . 227 127 . 51 8 Maximum Alert Level 2 | . 1 . 2 . . . . Low Security (%) 83 | 100 91 100 39 100 . 100 100 Level 1 15 | . 8 . 57 . . . . Level 2 . | . . . 3 . . . . Level 3 . | . . . . . . . . Level 4 . | . . . . . . . . Level 5 . | . . . . . . . . High Security . | . . . . . . . . Max Security . | . . . . . . . . Squads Dispatched 3 | . 2 . 1 . . . . Investigation . | . . . . . . . . Extermination . | . . . . . . . . Reinforcement 3 | . 2 . 1 . . . . Assault . | . . . . . . . . Garrison . | . . . . . . . . Intercept . | . . . . . . . . Searches Triggered . | . . . . . . . . Construction Impeded . | . . . . . . . . Haulers Reinforced . | . . . . . . . . Active Scanning Responses . | . . . . . . . . Cargo Convoy Interrupts . | . . . . . . . . Stealth | -11 -10 -10 -9 -9 -9 -8 -8 --------- Run | Yrd Mat Min Mat Min Exi Min Mat Distress Signals 1 | . 1 . . . . . . Communications Jammed . | . . . . . . . . Distress Signals . | . . . . . . . . Times Spotted 67 | . 20 6 27 2 . 7 5 Peak Tracking Total 9 | . 4 9 5 2 . 4 4 Tactical Retreats 6 | . 2 . 3 . . . 1 Traps | -11 -10 -10 -9 -9 -9 -8 -8 ------- Run | Yrd Mat Min Mat Min Exi Min Mat Traps Triggered 3 | . 3 . . . . . . Indirectly . | . . . . . . . . Trap Hack Attempts . | . . . . . . . . Triggered . | . . . . . . . . Disarmed . | . . . . . . . . Reprogrammed . | . . . . . . . . Reused . | . . . . . . . . Traps Extracted . | . . . . . . . . Installed . | . . . . . . . . Triggered . | . . . . . . . . Machines | -11 -10 -10 -9 -9 -9 -8 -8 ---------- Run | Yrd Mat Min Mat Min Exi Min Mat Machines Disabled 5 | . 3 . 1 . . 1 . Max in Single Turn 3 | . 3 . 1 . . 1 . Machines Repaired . | . . . . . . . . Machines Dismantled . | . . . . . . . . Machines Sabotaged . | . . . . . . . . Overloaded Fab Kills . | . . . . . . . . Hacking | -11 -10 -10 -9 -9 -9 -8 -8 --------- Run | Yrd Mat Min Mat Min Exi Min Mat Machines Accessed 15 | . 7 . 6 . . 1 1 Terminals 13 | . 6 . 5 . . 1 1 Fabricators . | . . . . . . . . Repair Stations 2 | . 1 . 1 . . . . Recycling Units . | . . . . . . . . Scanalyzers . | . . . . . . . . Garrison Access . | . . . . . . . . Total Hacks 33 | . 14 . 12 . . 3 4 Successful 26 | . 10 . 10 . . 3 3 Failed 7 | . 4 . 2 . . . 1 Catastrophic . | . . . . . . . . Database Lockouts . | . . . . . . . . Manual 22 | . 10 . 10 . . 1 1 Terminals 29 | . 12 . 10 . . 3 4 Fabricators . | . . . . . . . . Repair Stations 4 | . 2 . 2 . . . . Recycling Units . | . . . . . . . . Scanalyzers . | . . . . . . . . Garrison Access . | . . . . . . . . Terminal Hacks 8 | . 2 . 2 . . 2 2 Part Schematic 1 | . . . 1 . . . . Robot Analysis 1 | . . . 1 . . . . Branch Access Points 2 | . 1 . . . . . 1 Alert Level 1 | . 1 . . . . . . Unreport Threat 1 | . . . . . . . 1 Dispatch Records 1 | . . . . . . 1 . Zone Layout 1 | . . . . . . 1 . Fabricator Hacks . | . . . . . . . . Repair Station Hacks 4 | . 2 . 2 . . . . Scan Component 2 | . 1 . 1 . . . . Repair 2 | . 1 . 1 . . . . Recycling Unit Hacks . | . . . . . . . . Scanalyzer . | . . . . . . . . Garrison Access Hacks . | . . . . . . . . Unauthorized Hacks 14 | . 6 . 6 . . 1 1 Terminals 14 | . 6 . 6 . . 1 1 Botnet 13 | . 6 . 5 . . 1 1 Operators 1 | . . . 1 . . . . Fabricators . | . . . . . . . . Repair Stations . | . . . . . . . . Recycling Units . | . . . . . . . . Scanalyzers . | . . . . . . . . Garrison Access . | . . . . . . . . Data Cores Recovered 1 | . 1 . . . . . . Used . | . . . . . . . . Hacking Detections 10 | . 5 . 4 . . 1 . Full Trace Events . | . . . . . . . . Feedback Events . | . . . . . . . . Feedback Blocked . | . . . . . . . . Robot Schematics Acquired . | . . . . . . . . Robots Built . | . . . . . . . . Authchips . | . . . . . . . . Time . | . . . . . . . . Total Robot Build Rating . | . . . . . . . . Part Schematics Acquired 1 | . . . 1 . . . . Parts Built . | . . . . . . . . Authchips . | . . . . . . . . Time . | . . . . . . . . Total Part Build Rating . | . . . . . . . . Parts Repaired 2 | . 1 . 1 . . . . Time 64 | . 32 . 32 . . . . Parts Recycled . | . . . . . . . . Recycled Matter . | . . . . . . . . Retrieved Matter . | . . . . . . . . Retrieved Components . | . . . . . . . . Parts Scanalyzed . | . . . . . . . . Part Schematics Acquired . | . . . . . . . . Parts Damaged . | . . . . . . . . Bothacking | -11 -10 -10 -9 -9 -9 -8 -8 ------------ Run | Yrd Mat Min Mat Min Exi Min Mat Used RIF Installer . | . . . . . . . . Robots Hacked . | . . . . . . . . Non-combat . | . . . . . . . . Combat . | . . . . . . . . Robot Hacks Applied . | . . . . . . . . Relay Couplers Released . | . . . . . . . . Fabnet Peak Effective % . | . . . . . . . . Robots Rewired . | . . . . . . . . Allies Hacked . | . . . . . . . . Hacks Repelled . | . . . . . . . . Allies | -11 -10 -10 -9 -9 -9 -8 -8 -------- Run | Yrd Mat Min Mat Min Exi Min Mat Total Allies . | . . . . . . . . Largest Group . | . . . . . . . . Highest-Rated Group . | . . . . . . . . Highest-Rated Ally . | . . . . . . . . Total Orders . | . . . . . . . . Ally Attacks . | . . . . . . . . Total Damage . | . . . . . . . . Kills . | . . . . . . . . Allies Corrupted . | . . . . . . . . Allies Melted . | . . . . . . . . Intel | -11 -10 -10 -9 -9 -9 -8 -8 ------- Run | Yrd Mat Min Mat Min Exi Min Mat Robot Analysis Total 1 | . . . 1 . . . . Derelict Logs Recovered 4 | . . 1 . 3 . . . Drone Launches . | . . . . . . . . Drone Recoveries . | . . . . . . . . Exploration | -11 -10 -10 -9 -9 -9 -8 -8 ------------- Run | Yrd Mat Min Mat Min Exi Min Mat Turns Passed 5336 | 119 1650 143 1035 509 574 1084 222 Spaces Moved 2868 | 61 865 90 463 301 358 640 90 Core 3 | 3 . . . . . . . Treads 2865 | 58 865 90 463 301 358 640 90 Legs . | . . . . . . . . Wheels . | . . . . . . . . Hover . | . . . . . . . . Flight . | . . . . . . . . Fastest Speed 50 | 50 160 160 160 160 160 160 160 Average Speed 159 | 154 160 160 160 160 160 160 160 Slowest Speed 160 | 160 160 160 160 160 160 160 160 Overloaded Moves . | . . . . . . . . Propulsion Burnouts . | . . . . . . . . Robots Hopped . | . . . . . . . . Cave-ins Triggered . | . . . . . . . . Exploration Rate (%) 55 | 6 97 30 46 70 88 97 12 Regions Visited 7 Branch Regions 4 Pre-discovered Areas . | . . . . . . . . Known Exits Taken 6 | . 1 1 1 1 1 1 . Unknown Exits Taken 1 | 1 . . . . . . . Scrap Searched 3 | . . . . 2 . 1 . Spaces Dug . | . . . . . . . . Terrain Destroyed 41 | . 32 . . . . 9 . Melee . | . . . . . . . . Projectile . | . . . . . . . . AOE 41 | . 32 . . . . 9 . Terrain Rammed . | . . . . . . . . Walls Destroyed . | . . . . . . . . Machines Disabled . | . . . . . . . . Actions | -11 -10 -10 -9 -9 -9 -8 -8 --------- Run | Yrd Mat Min Mat Min Exi Min Mat Total 3320 | 75 1022 89 654 315 359 662 144 Wait 213 | . 68 . 105 2 . 2 36 Move 2861 | 60 864 89 462 300 357 639 90 Hop . | . . . . . . . . Pick Up 19 | 1 10 . 6 1 1 . . Fast Attach 19 | 8 6 . 3 2 . . . Attach 9 | . 1 . 4 . . . 4 Detach 2 | 1 . . . . . . 1 Swap 13 | . 6 . 4 1 1 . 1 Drop 20 | 1 12 . 5 2 . . . Fire 160 | 4 55 . 64 7 . 18 12 Melee . | . . . . . . . . Ram . | . . . . . . . . Kick . | . . . . . . . . Crush 4 | . . . 1 . . 3 . Escape Stasis . | . . . . . . . . Rewire . | . . . . . . . . Trap . | . . . . . . . . Miscellaneous . | . . . . . . . . Route ------- -11/Scrapyard -10/Materials (discovered 4 exits: *Mat x3 / *Min) -10/Mines -9/Materials (discovered 2 exits: *Mat / *Min) -9/Mines (discovered 2 exits: *Mat / *Exi) -9/Exiles -8/Mines (discovered 2 exits: *Mat x2) -8/Materials (discovered 3 exits: Fac x3) History --------- Turn | Location | Event 31 | -11/Scrapyard | Discovered new exit (range 15) 120 | -11/Scrapyard | Entered Materials 330 | -10/Materials | Build established: Mutant 347 | -10/Materials | Discovered new exit (range 8) 437 | -10/Materials | Discovered new exit (range 16) 463 | -10/Materials | Identified exit to Materials 626 | -10/Materials | Discovered exit to Materials (range 4) 688 | -10/Materials | Identified exit to Mines 1274 | -10/Materials | Repaired Spread Laser 1770 | -10/Materials | Entered Mines 1817 | -10/Mines | Discovered exit to Materials (range 8) 1830 | -10/Mines | Learned Materials trap positions 1842 | -10/Mines | Assembled infested the area 1913 | -10/Mines | Entered Materials 1913 | -9/Materials | Evolved 2 slots: Utility x2 1914 | -9/Materials | Loaded intel: 6 trap records 2571 | -9/Materials | Discovered new exit (range 9) 2609 | -9/Materials | Identified exit to Mines 2639 | -9/Materials | Discovered new exit (range 14) 2659 | -9/Materials | Identified exit to Materials 2737 | -9/Materials | Repaired Imp. Treads 2834 | -9/Materials | Build established: Hacker-Mutant 2948 | -9/Materials | Entered Mines 2952 | -9/Mines | Met a Derelict bent on vengeance 3002 | -9/Mines | Learned Materials trap positions 3042 | -9/Mines | Discovered exit to Materials (range 8) 3098 | -9/Mines | Learned location of 1 exit from Materials 3215 | -9/Mines | Learned location of 2 exits from Materials 3246 | -9/Mines | A weapon hastily lodged in a ceiling crevice suddenly fell to the ground 3440 | -9/Mines | YI-UF0 nonchalantly dropped a Grenade Launcher on the ground 3451 | -9/Mines | Deemed a non-threat by the Exiles lab entrance 3451 | -9/Mines | Discovered new exit (range 5) 3456 | -9/Mines | Identified exit to Exiles 3457 | -9/Mines | Entered Exiles 3457 | -9/Exiles | Found Exiles lab destroyed 4012 | -9/Exiles | Discovered new exit (range 14) 4028 | -9/Exiles | Identified exit to Mines 4031 | -9/Exiles | Entered Mines 4038 | -8/Mines | Core integrity fell below 50% 4161 | -8/Mines | Discovered exit to Materials (range 6) 4447 | -8/Mines | Discovered exit to Materials (range 8) 5115 | -8/Mines | Entered Materials 5115 | -8/Materials | Evolved 2 slots: Utility x2 5116 | -8/Materials | Identified exit to Factory 5117 | -8/Materials | Loaded intel: 15 trap records 5337 | -8/Materials | Self-destructed Last Messages --------------- Laser. 05296_ Lgt. Nuclear Core melted. 05296_ G-47 Trooper destroyed. 05300_ Imp. Treads destroyed. 05300_ Critical hit (Burn: +37). 05301_ Power failure, Imp. Ion Engine shutdown. 05301_ Imp. Ion Engine destroyed. 05301_ Critical hit (Burn: +37). 05302_ Imp. Treads broken. 05302_ Overheating: Short circuit. 05306_ Critical hit (Burn: +37). 05309_ Particle Gun melted. 05309_ G-47 Trooper destroyed. 05319_ Broken Imp. Treads destroyed. 05323_ R-06 Scavenger collects Aluminum Leg. 05328_ Beam Cannon destroyed. 05328_ Imp. Targeting Computer destroyed. 05329_ R-06 Scavenger collects Aluminum Leg. 05334_ R-06 Scavenger destroyed. Map ----- +----------------------------------------------------+ | ??????????????????????????????????? | | ??????????????????????????????????? | | ??????????????????????????????????? | | ??????????????????????????????????? | | ??????????????????????????????????? | | ??????????????????????????????????? | | ??????????????????????????????????? | | ??????????????????????????????????? | | ??????????????????????????????????? | | ??????????????????????????????????? | | ??????????????????????????????????? | | ??????#??????????????????? ???????? | | ??????# ?????????????????? ??????? | | ??????? ?????????????????? #??????? | | ??????? ?????????????????? #??????? | | ??????? ?????????????????? #??????? | | ??????? ######+########### #??????? | | ???????? #??????? | | ???????? #??????? | | ???????? #######? | | ???????? [ # ! #? | | ????????# ? """ # #? | | ????????# #??# """"" # " #? | | ????????# #??# """"" # ""#? | | ??????###Y#### """"" # ""#? | | ??????# [%@= # """ # """#? | | ??????# ==%= # + "" #? | | ??????#=!!=!%g # """#? | | ??????#=! ! # # """#? | | ??????#=! # # """#? | | ??????# # # " #? | | ??????##+##### # #? | | ???????# #???# #######? | | ???????# ##### [] # #? | | ???????# [] # "" #? | | ??????# [] # """#? | | ??????# + S"#? | | ??????# # #? | | ??????# ##+#####+## ]#? | | ??????####### # # #? | | ????????????# # T !! = # #? | | ????######### # ![ # """ #? | | ???# # # [# """ #? | | ???# """ # #+######### """ #? | | ???# """ # + #? | | ???# """ # #############? | | ???# + #????????????? | | ???# """ # ###+##????????????? | | ???# """ # #?????????????????? | | ???# """ #####?????????????????? | +----------------------------------------------------+ Best States ------------- Heat Dissipation 53 Energy Generation 14 Energy Capacity 265 Matter Stores 300 Matter Capacity 300 Sight Range 16 Terrain Scan Density 10 Armor Coverage 150 Evasion (%) 40 Targeting Accuracy 6 Recoil Reduction 2 Offensive Hacking 30 Item Schematics ----------------- Imp. Treads | -9/Materials | Hacked Robot Schematics ------------------ None Fabricated ------------ Nothing Alien Tech Used ----------------- None Achievements -------------- None Challenges ------------ None Game ------ Seed MiniAluminumLattice Manual? 0 Play Time 00:27:18 Cumulative 31.2 hours Start 2024.04.28 @ 18:52:58 End 2024.04.28 @ 19:20:29 Sessions 1 Manual Loads 0 Difficulty Rogue Special Mode None Game No. 41 Rogue 41 Adventurer 0 Explorer 0 Win Type - Total 1 Types 1/0/0/0/0/0/0/0/0 Lore% 28 Gallery% 36 Achievement% 30 Wizard Run 0 Options --------- Layout 1 ASCII 0 Keyboard 0 Movement Mouse Keybinds 0 Fullscreen 1 Font 24/Smallcaps Map View 50x35 Zoom Use 0% Tactical HUD 1 Map Filters NONE Filters NONE Steam 1 RUN: 3d3a16b2-2218-4866-a2dd-e316c895dae2